 Dungeon Crawl Stone Soup version 0.16.0-14-g63f578d (console) character file.

16 gw the Gusty (level 2, -1/23 HPs)
             Began as a Draconian Air Elementalist on Mar 19, 2015.
             Slain by a goblin (4 damage)
             ... on level 2 of the Dungeon.
             The game lasted 00:01:18 (1162 turns).

gw the Gusty (Draconian Air Elementalist)           Turns: 1162, Time: 00:01:18

Health: -1/23      AC:  4    Str: 10    XL:     2   Next: 41%
Magic:  4/4        EV: 12    Int: 15    God:
Gold:   98         SH:  0    Dex: 11    Spells: 3 memorised, 0 levels left

rFire  . . .     SeeInvis .     b - +1 club
rCold  . . .     Clarity  .     (armour unavailable)
rNeg   . . .     SustAb   .     (no shield)
rPois  .         Gourm    .     (helmet restricted)
rElec  .         Spirit   .     (no cloak)
rCorr  .         Warding  .     (no gloves)
rMut   .         Stasis   .     (no boots)
MR     .....                    (no amulet)
Stlth  ++........               (no ring)
                                (no ring)

@: repel missiles, not resistant to hostile enchantments, unstealthy
A: unfitting armour, cold-blooded, AC +4
a: no special abilities


You were on level 2 of the Dungeon.
You were not hungry.

You visited 1 branch of the dungeon, and saw 2 of its levels.

You collected 98 gold pieces.

Inventory:

Hand weapons
 b - a +1 club (weapon)
Missiles
 j - 21 poisoned needles
 k - 38 stones (quivered)
Potions
 e - a potion of curing
Books
 i - a book of Air

   Spells                             Type                      Level
   a - Shock                          Conjuration/Air              1
   b - Swiftness                      Charms/Air                   2
   c - Repel Missiles                 Charms/Air                   2
   d - Flight                         Charms/Air                   3
   e - Static Discharge               Conjuration/Air              3
   f - Lightning Bolt                 Conjuration/Air              5
Comestibles
 c - a bread ration
 g - a beef jerky


   Skills:
 + Level 1.4 Fighting
 + Level 2.0 Dodging
 - Level 1.7 Stealth
 * Level 2.1 Spellcasting
 - Level 1.0 Conjurations
 + Level 3.1 Air Magic


You couldn't memorise any spells.
You knew the following spells:

 Your Spells              Type           Power        Failure   Level  Hunger
a - Shock                 Conj/Air       #...         12%         1    #......
b - Swiftness             Chrm/Air       #.......     17%         2    ###....
c - Repel Missiles        Chrm/Air       #.....       17%         2    ###....


Dungeon Overview and Level Annotations

Branches:
Dungeon (2/15)

Altars:


Innate Abilities, Weirdness & Mutations

Your plain brown scales are hard (AC +4).
Your body does not fit into most forms of armour.
Your cold-blooded metabolism reacts poorly to cold.


Message History

Unknown command.
Unknown command.
Unknown command.
MOVING TO (-2,1) Unknown command.
Unknown command.
Unknown command.
MOVING TO (-1,1)
There is a stone staircase leading up here.
Unknown command.
Unknown command.
Unknown command.
MOVING TO (8,0)
The goblin barely misses you.
Unknown command.
Unknown command.
Unknown command.
MOVING TO (7,-1)
The goblin hits you.
You die...

##+##
##...##
##.....##
##.......##
#gg.......#
+..d......+
#.........#
##.......##
##.....##
##...##
..#+## #.
.. .


You could see a hobgoblin and a goblin.

Table legend:
 A = Turns spent in this place as a percentage of turns spent in the entire game.
 B = Non-inter-level travel turns spent in this place as a percentage of non-inter-level travel turns spent in the entire game.
 C = Inter-level travel turns spent in this place as a percentage of turns spent in this place.
 D = Turns resting spent in this place as a percentage of non-inter-level travel turns spent in this place.
 E = Turns spent auto-exploring this place as a percentage of non-inter-level travel turns spent in this place.
 F = Non-inter-level travel turns spent in this place divided by the number of levels of this place that you've seen.
                   A       B       C       D       E      F
               +-------+-------+-------+-------+-------+----------------------
         Total | 100.0 | 100.0 |   0.1 |   1.9 |   2.1 | 829.0
       Dungeon | 100.0 | 100.0 |   0.1 |   1.9 |   2.1 | 829.0
               +-------+-------+-------+-------+-------+----------------------

Table legend:
 A = Kills in this place as a percentage of kills in entire the game.
 B = Kills by you in this place as a percentage of kills by you in the entire game.
 C = Kills by friends in this place as a percentage of kills by friends in the entire game.
 D = Other kills in this place as a percentage of other kills in the entire game.
 E = Experience gained in this place as a percentage of experience gained in the entire game.
 F = Experience gained in this place divided by the number of levels of this place that you have seen.
                   A       B       C       D       E      F
               +-------+-------+-------+-------+-------+----------------------
         Total | 100.0 | 100.0 |  -nan |  -nan | 100.0 |  12.0
       Dungeon | 100.0 | 100.0 |  -nan |  -nan | 100.0 |  12.0
               +-------+-------+-------+-------+-------+----------------------

Vanquished Creatures
  2 giant geckos (D:1)
  2 bats (D:1)
  A giant cockroach (D:1)
  A goblin (D:1)
  A hobgoblin (D:1)
  3 kobolds (D:1)
  A giant newt (D:1)
  A rat (D:1)
12 creatures vanquished.

Notes
Turn   | Place    | Note
--------------------------------------------------------------
     0 | D:1      | gw, the Draconian Air Elementalist, began the quest for the Orb.
     0 | D:1      | Reached XP level 1. HP: 14/14 MP: 3/3
    69 | D:1      | Reached skill level 1 in Fighting
   321 | D:1      | Reached XP level 2. HP: 23/23 MP: 0/4
   365 | D:1      | Learned a level 2 spell: Swiftness
   368 | D:1      | Learned a level 2 spell: Repel Missiles
  1162 | D:2      | Slain by a goblin

Action                   || total
-------------------------++-------
Melee: Unarmed           ||     3
       Club              ||     2
 Cast: Shock             ||    28
       Repel Missiles    ||     1
  Use: Scroll            ||     5
       Potion            ||     1
  Eat: Bread ration      ||     1

Vault maps used:
D:1:      dpeg_arrival_sounds_slurp, nrook_loot_triangle, serial_bayou_lagoon_a
